 Dungeon Crawl Stone Soup version 0.31-a0-627-gd65175cf8b (webtiles) character file.

Game seed: 12529552604408592113

39 GordonOverkill the Sneak (level 3, -3/20 HPs)
             Began as a Vine Stalker Delver on Aug 25, 2023.
             Was an Initiate of Trog.
             Slain by a sky beast (6 damage)
             ... on level 6 of the Dungeon.
             The game lasted 00:00:57 (249 turns).

GordonOverkill the Sneak (Vine Stalker Delver)       Turns: 249, Time: 00:00:57

Health: -3/20      AC:  3    Str: 16    XL:     3   Next: 45%
Magic:  0/4        EV: 12    Int: 10    God:    Trog [......]
Gold:   0          SH:  0    Dex: 15    Spells: 2/2 levels left

rFire   . . .        a - +0 short sword
rCold   . . .        (no shield)
rNeg    . . .        b - +0 leather armour
rPois   .            (no helmet)
rElec   .            (no cloak)
rCorr   .            (no gloves)
SInv    .            (no boots)
Will    .....        (no amulet)
Stlth   +++          (no ring)
HPRegen 0.23/turn    (no ring)
MPRegen 0.09/turn

%: guardian spirit
@: hasted, very quick
A: fangs 2, magic shield, antimagic bite, no potion heal 2
a: Renounce Religion


You were on level 6 of the Dungeon.
You worshipped Trog.
Trog was noncommittal.
You visited 2 branches of the dungeon, and saw 3 of its levels.

Inventory:

Hand Weapons
 a - a +0 short sword (weapon)
Armour
 b - a +0 leather armour (worn)
Wands
 g - a wand of digging (3)
Scrolls
 c - a scroll of fog
 d - a scroll of revelation
 e - a scroll of fear
 h - a scroll of enchant armour {unknown}
Potions
 f - a potion of haste


   Skills:
 - Level 3.0 Fighting
 + Level 2.9 Short Blades
 - Level 2.0 Dodging
 - Level 6.0 Stealth


You had 2 spell levels left.
You didn't know any spells.
Your spell library was empty.

Dungeon Overview and Level Annotations

Branches:
Dungeon (6/15)             Temple (1/1) D:6

Altars:
Ashenzari
Cheibriados
Dithmenos
Fedhas
Gozag
Hepliaklqana
Kikubaaqudgha
Okawaru
Qazlal
Sif Muna
Trog
Uskayaw
Vehumet
Yredelemnul


Innate Abilities, Weirdness & Mutations

You have extremely sharp teeth.
When hurt, damage is shared between your health and your magic reserves.
Your bite disrupts and absorbs the magic of your enemies.
Potions cannot restore your health.


Message History

* * * LOW HITPOINT WARNING * * *
You hit the gnoll.
The gnoll is almost dead.
You barely miss the gnoll. You bite the gnoll.
You kill the gnoll!
Things that are here:
a +0 club; a gnoll corpse
Things that are here:
a +0 club; a gnoll corpse You start resting.
HP restored.
You start waiting.
Done waiting.
You open the door.
Found a bloodstained altar of Trog.
There is an open door here.
There is a bloodstained altar of Trog here.
You kneel at the altar of Trog.
Trog welcomes you!
There is an open door here.
There is a staircase back to the Dungeon here.
You climb upwards.
The gnoll shouts!
You hear an angry hiss.
The gnoll misses you. The gnoll completely misses you.
The iguana closely misses you.
The sky beast flickers out of sight!
Deactivating autopickup; reactivate with Ctrl-A.
Something hits you but does no damage. The gnoll misses you.
Something hits you but does no damage. The gnoll hits you with a +0 club.
The iguana bites you.
* * * LOW HITPOINT WARNING * * *
There is a staircase to the Ecumenical Temple, spattered with blood here.
You feel yourself speed up. The gnoll closely misses you.
The gnoll hits you with a +0 club.
* * * LOW HITPOINT WARNING * * *
The iguana bites you.
* * * LOW HITPOINT WARNING * * *
Something hits you.
* * * LOW HITPOINT WARNING * * *
Something shocks you.
You die...

............# #.
.....##.##..#########..
.... #.##...>.#...... ...
..##.##.##.##.## ..
......#.........##g .
..#.##..............
.....####..⌠...⌠.g#
.....# ###...{.....#.. .
#.....l@g......
...#.....g...#..
####.$⌠[..⌠..# .g.. ...$
#........).....#.. .....
..#.........#.....#.....
#####.##.##.##..#........
#. ..##.# #.#.#...... ##
.###...#...#.# ..#
##....#$..# ..#


You could see a gnoll bouda (wandering), an iguana and 3 gnolls.

Vanquished Creatures
  A hound (D:6)
  A gnoll (Temple)
2 creatures vanquished.

Notes
Turn   | Place    | Note
-------+----------+-------------------------------------------
     0 | D:5      | GordonOverkill the Vine Stalker Delver began the quest for
                  | the Orb.
     0 | D:5      | Reached XP level 1. HP: 11/11 MP: 2/2
    21 | D:6      | Noticed a hound
    24 | D:6      | Killed a hound
    25 | D:6      | Reached XP level 2. HP: 16/16 MP: 3/3
    25 | D:6      | Reached XP level 3. HP: 20/20 MP: 4/4
    48 | D:6      | Found a staircase to the Ecumenical Temple.
    57 | D:6      | Noticed a sky beast
    58 | Temple   | Entered the Ecumenical Temple
   225 | Temple   | Became a worshipper of Trog the Wrathful
   249 | D:6      | Slain by a sky beast

Illustrated notes

Levels and vault maps discovered:
D:5:      layout_loops_ring, mainiacjoe_overflow_tiny_flanked, serial_demonic,
          serial_demonic_e, serial_demonic_d, serial_demonic_f,
          serial_demonic_d, grunt_ministairs_1, reono_crystal_passage,
          chequers_serial_rivers_small_b, hellmonk_no_cap
D:6:      layout_rooms, good_gods_mini_temple, minmay_temple_entry_large_hall
Temple:   minmay_temple_curvy_branch

Skill      XL: |  1 |
---------------+----+-----
Fighting       | 3 |  3.0
Short Blades   | 2 |  2.9
Dodging        | 2 |  2.0
Stealth        | |  6.0

Action                     || total
---------------------------++-------
  Melee: Short sword       ||     7
         Bite              ||     2
    Use: Potion            ||     1
   Stab: Sleeping          ||     1
 Armour: Leather armour    ||     2
  Dodge: Dodged            ||     7

Table legend: (Time is in decaauts)
 A = Elapsed time spent in this place.
 B = Non-inter-level travel time spent in this place.
 C = Inter-level travel time spent in this place.
 D = Time resting spent in this place.
 E = Time spent auto-exploring this place.
 F = Levels seen in this place.
 G = Mean time per level.
                   A        B        C        D        E       F      G
               +--------+--------+--------+--------+--------+-----+--------+
         Total |    248 |    205 |     43 |    135 |      0 |   3 |   82.7 |
       Dungeon |     59 |     59 |      0 |      0 |      0 |   2 |   29.5 |
        Temple |    188 |    145 |     43 |    135 |      0 |   1 |  188.0 |
               +--------+--------+--------+--------+--------+-----+--------+

Top non-repeatable levels by time:
  Temple: 188 daAuts
     D:5: 31 daAuts
     D:6: 27 daAuts
